 Dungeon Crawl Stone Soup version 0.31.0-11-ge490571c62 (webtiles) character file.

Game seed: 17237362718351655279

169 qw the Shooter (level 5, -5/26 HPs)
             Began as a Spriggan Hunter on Feb 4, 2024.
             Killed from afar by an orc wizard (10 damage)
             ... with a magic dart
             ... on level 3 of the Dungeon.
             The game lasted 00:00:06 (1893 turns).

qw the Shooter (Spriggan Hunter)                    Turns: 1893, Time: 00:00:07

Health: -5/26      AC:  2    Str:  7    XL:     5   Next: 25%
Magic:  6/6        EV: 20    Int: 11    God:
Gold:   157        SH:  0    Dex: 20    Spells: 4/4 levels left

rFire   . . .        a - +0 shortbow
rCold   . . .        (shield currently unavailable)
rNeg    . . .        c - +0 robe
rPois   .            (helmet restricted)
rElec   .            (no cloak)
rCorr   .            (gloves unavailable)
SInv    +            (boots unavailable)
Will    .....        (no amulet)
Stlth   ++           (no ring)
HPRegen 0.24/turn    (no ring)
MPRegen 0.10/turn

%: no passive effects
@: very quick
A: very small, no large weapons, unfitting armour, see invisible, speed 3
a: no special abilities


You were on level 3 of the Dungeon.
You visited 1 branch of the dungeon, and saw 3 of its levels.

You collected 157 gold pieces.


Innate Abilities, Weirdness & Mutations

You are very small and have problems with some larger weapons.
You are too small for most types of armour.
You have supernaturally acute eyesight. (SInv)
You cover ground extremely quickly. (Speed+++)


   Skills:
 - Level 2.0 Fighting
 + Level 5.4 Ranged Weapons
 - Level 5.1 Dodging
 - Level 1.5 Stealth


You had 4 spell levels left.
You didn't know any spells.
Your spell library was empty.

Inventory:

Hand Weapons
 a - a +0 shortbow (weapon)
Armour
 c - a +0 robe (worn)
Jewellery
 n - an amulet of guardian spirit
 o - a ring of ice
 p - a +4 ring of protection
Scrolls
 b - 2 scrolls of teleportation
 i - a scroll of enchant armour
 l - a scroll of revelation {unknown}
Potions
 d - a potion of mutation
 e - a potion of curing
 f - a potion of attraction {unknown}
 g - a potion of invisibility {unknown}
 h - a potion of brilliance {unknown}
 j - a potion of cancellation {unknown}
 k - a potion of haste {unknown}
 m - a potion of lignification {unknown}

Dungeon Overview and Level Annotations

Branches:
Dungeon (3/15)

Altars:
Fedhas
Gozag
Yredelemnul
The Shining One

Annotations:
D:3 3 runed translucent doors, qw's ghost, amateur DEHu


Message History

The arrow hits the orc priest.
The orc priest is moderately wounded.
The orc misses you. The orc closely misses you.
You shoot an arrow. The arrow hits the orc!
You kill the orc!
The orc hits you with a +0 short sword.
You shoot an arrow. The arrow hits the orc priest.
The orc priest is heavily wounded.
The orc misses you. The orc priest hits you with a +0 mace.
You shoot an arrow.
The arrow completely misses the orc priest.
The arrow hits the orc wizard.
The orc wizard is lightly wounded.
The orc hits you with a +0 short sword. The orc priest misses you.
You shoot an arrow. The arrow hits the orc priest.
The orc priest is severely wounded.
The orc completely misses you. The orc priest completely misses you.
You shoot an arrow.
The arrow hits the orc priest but does no damage.
The orc priest is severely wounded.
The orc hits you with a +0 short sword. The orc priest closely misses you.
The orc priest misses you. The orc closely misses you.
You shoot an arrow. The arrow hits the orc priest!
You kill the orc priest!
The orc hits you but does no damage. The orc wizard casts a spell at you.
The magic dart hits you.
You shoot an arrow. The arrow barely misses the orc.
The orc closely misses you.
You shoot an arrow. The arrow misses the orc wizard.
The orc closely misses you. The orc wizard barely misses you.
You shoot an arrow. The arrow hits the orc wizard.
The orc wizard is heavily wounded.
The orc hits you with a +0 short sword. The orc wizard misses you.
You shoot an arrow.
The arrow closely misses the orc wizard.
The orc hits you with a +0 short sword.
The orc wizard gestures at you while chanting.
The magic dart hits you!
You die...

###.####..####
###.# #.## ....##
#.#
.....###.########
#...............##
##...####.#####..#
##...#####$.$##.#
###..###.8$8.#o#
#####....#_$$..o@#
....#....#$8.8.###
...>#....##$$.
..........###
...##.....#
.>.######## ...#
.###


77777 .# 77...77 You could see an orc wizard (invisible) and an orc.

Vanquished Creatures
  An orc priest (D:3)
  3 gnolls (D:2)
  5 adders
  3 dart slugs
  A ribbon worm (D:2)
  An orc (D:3)
  2 ball pythons
  8 bats
  6 endoplasms
  2 giant cockroaches
  7 hobgoblins
  4 jackals (D:3)
  3 kobolds
  2 frilled lizards (D:2)
  5 goblins
  3 rats
56 creatures vanquished.

Notes
Turn   | Place    | Note
-------+----------+-------------------------------------------
     0 | D:1      | qw the Spriggan Hunter began the quest for the Orb.
     0 | D:1      | Reached XP level 1. HP: 10/10 MP: 2/2
     0 | D:1      | 0 ||| qw: Version: 0.3-a-160-g6735b56
     0 | D:1      | 0 ||| qw: Game counter: 5190
     0 | D:1      | 0 ||| qw: Melee chars always use a shield: true
     0 | D:1      | 0 ||| qw: God list: Okawaru
     0 | D:1      | 0 ||| qw: Allow faded altars: false
     0 | D:1      | 0 ||| qw: Do Orc after clearing Dungeon:15 true
     0 | D:1      | 0 ||| qw: Do second Lair branch before Depths: true
     0 | D:1      | 0 ||| qw: Lair rune preference: random
     0 | D:1      | 0 ||| qw: Goals: Normal
     0 | D:1      | 0 ||| PLANNING D:1-11
    14 | D:1      | Reached skill level 3 in Dodging
   169 | D:1      | Reached XP level 2. HP: 14/14 MP: 3/3
   678 | D:1      | 678 ||| READING scroll labelled GAUHYC MITHU.
   779 | D:1      | 779 ||| READING scroll labelled NATAST FOIZE.
   780 | D:1      | 780 ||| DROPPING scroll of butterflies.
   951 | D:2      | 951 ||| FLEEEEING.
   954 | D:2      | 954 ||| FLEEEEING.
   960 | D:2      | 960 ||| FLEEEEING.
   983 | D:2      | Reached XP level 3. HP: 18/18 MP: 4/4
  1290 | D:2      | 1290 ||| RETREEEEATING.
  1292 | D:2      | Reached XP level 4. HP: 22/22 MP: 5/5
  1429 | D:2      | 1429 ||| READING 3 scrolls labelled VOTARCH DEUGRU.
  1433 | D:2      | 1433 ||| READING 2 scrolls labelled XAP OCISASURR.
  1433 | D:2      | 1433 ||| IDENTIFYING glowing white potion
  1434 | D:2      | 1434 ||| READING scroll of identify.
  1434 | D:2      | 1434 ||| IDENTIFYING coppery potion
  1435 | D:2      | 1435 ||| READING scroll labelled YVODYS VIP DEA.
  1435 | D:2      | 1435 ||| ENCHANTING +0 shortbow.
  1462 | D:3      | Found an opulent altar of Gozag.
  1555 | D:3      | Found a runed translucent gate.
  1557 | D:3      | Found a runed translucent gate.
  1558 | D:3      | Found a runed translucent gate.
  1567 | D:3      | Noticed qw's ghost (amateur DEHu)
  1586 | D:3      | Found a basalt altar of Yredelemnul.
  1663 | D:3      | Found a glowing golden altar of the Shining One.
  1813 | D:3      | Reached XP level 5. HP: 26/26 MP: 6/6
  1813 | D:3      | Found a blossoming altar of Fedhas.
  1893 | D:3      | HP: 5/26 [orc/+0 short sword (4)]
  1893 | D:3      | Killed from afar by an orc wizard

Levels and vault maps discovered:
D:1:      dpeg_arrival_ternary, layout_loops_ring, minmay_misc_feat_rugged
D:2:      layout_basic, grunt_decor_mini_mirrors
D:3:      layout_rooms, fedhas_altar_fruit_tree, old_standard_altar,
          mainiacjoe_overflow_tiny_flanked, mainiacjoe_overflow_chevrons,
          gammafunk_ghost_split, amethyst_killhole, kennysheep_orc_chapel

Skill      XL: |  1  2  3  4 |
---------------+-------------+-----
Dodging        | 3 4 5 |  5.1
Ranged Weapons | 5 |  5.4
Fighting       | 2 |  2.0
Stealth        | |  1.5

Action                     |  1- 3 |  4- 6 || total
---------------------------+-------+-------++-------
   Fire: Shortbow          |   101 |    66 ||   167
    Use: Scroll            |     2 |     4 ||     6
 Armour: Robe              |     7 |    12 ||    19
  Dodge: Dodged            |    37 |    27 ||    64

Table legend:
 A = Non-vault XP
 B = Vault XP
 C = Vault XP percentage of total XP
 D = Non-vault monster count
 E = Vault monster count
 F = Vault count percentage of total count
                 A         B        C        D         E       F
            +---------+---------+-------+---------+---------+-------
      Total |     196 |      46 |  19.0 |      54 |       2 |   3.6
            +---------+---------+-------+---------+---------+-------
        D:1 |      30 |       0 |   0.0 |      15 |       0 |   0.0
        D:2 |     102 |       0 |   0.0 |      23 |       0 |   0.0
        D:3 |      64 |      46 |  41.8 |      16 |       2 |  11.1
            +---------+---------+-------+---------+---------+-------
